 Dungeon Crawl Stone Soup version 0.21-a0-94-gdd6ab6a (webtiles) character file.

21761 Lavandula the Thaumaturge (level 12, -1/81 HPs)
             Began as a Mummy Arcane Marksman on July 2, 2017.
             Was a High Priest of Kikubaaqudgha.
             Slain by a sixfirhy (11 damage)
             ... on level 2 of the Orcish Mines.
             The game lasted 01:23:53 (7950 turns).

Lavandula the Thaumaturge (Mummy Arcane Marksman)   Turns: 7950, Time: 01:23:57

Health: -1/81      AC: 13    Str: 14    XL:     12   Next: 57%
Magic:  16/27      EV: 13    Int: 15    God:    Kikubaaqudgha [*****.]
Gold:   336        SH:  0    Dex: 14    Spells: 3/33 levels left

rFire    x . .     SeeInvis .   D - +8 storm bow {elec}
rCold    + + +     Gourm    .   (shield currently unavailable)
rNeg     + + +     Faith    .   x - +2 leather armour {rC+}
rPois    ∞         Spirit   .   d - +2 hat
rElec    .         Reflect  .   h - +2 cloak {+Inv}
rCorr    .         Harm     .   L - +0 pair of gloves
MR       +....                  F - +1 pair of boots
Stlth    +.........             i - amulet of regeneration
HPRegen  0.63/turn              k - ring of protection from cold
MPRegen  0.20/turn              K - ring of flight

@: about to teleport, very slightly contaminated
A: no food or potions, fire vulnerability, cold resistance 1, negative energy
resistance 3, torment resistance, unbreathing
a: Receive Corpses, Torment, Renounce Religion, Evoke Invisibility, Evoke Flight


You were on level 2 of the Orcish Mines.
You worshipped Kikubaaqudgha.
Kikubaaqudgha was extremely pleased with you.
You were not hungry.

You visited 4 branches of the dungeon, and saw 16 of its levels.
You also visited: Bailey.

You collected 2245 gold pieces.
You spent 1909 gold pieces at shops.

Inventory:

Hand Weapons
 b - a +2 dagger of venom
 D - the +8 storm bow (weapon) {elec}
   (You found it on level 8 of the Dungeon)

   It charges the ammunition it shoots with electricity; occasionally upon a
   hit, such missiles may discharge and cause terrible harm.
 M - a +0 demon trident of venom
Missiles
 E - 61 arrows (quivered)
Armour
 d - a +2 hat (worn)
 e - a +2 robe
 h - a +2 cloak of invisibility (worn)
 o - a +0 pair of boots
 u - a +4 scale mail of magic resistance
 x - a +2 leather armour of cold resistance (worn)
 F - a +1 pair of boots (worn)
 L - a +0 pair of gloves (worn)
 O - a +0 troll leather armour
Magical Staves
 y - an uncursed staff of conjuration
 z - an uncursed staff of summoning
Jewellery
 i - an amulet of regeneration (around neck)
 k - a ring of protection from cold (left hand)
 r - an uncursed amulet of guardian spirit
 K - a ring of flight (right hand)
Wands
 a - a wand of random effects (20/48)
 q - a wand of iceblast (0/15)
 G - a wand of iceblast (6/15)
 J - a wand of disintegration (7/24)
Scrolls
 f - 6 scrolls of remove curse
 m - 2 scrolls of fog
 n - a scroll of vulnerability
 s - a scroll of amnesia
 v - a scroll of immolation
 A - a scroll of recharging
 C - a scroll of blinking
 H - a scroll of enchant weapon
 N - a scroll of summoning {unknown}
Books
 c - a book of Debilitation

   Spells                             Type                      Level
   a - Corona                         Hexes                        1
   b - Slow                           Hexes                        2
   c - Inner Flame                    Hexes/Fire                   3
   d - Portal Projectile              Hexes/Translocation          3
   e - Cause Fear                     Hexes                        4
   f - Leda's Liquefaction            Hexes/Earth                  4
 j - Kikubaaqudgha's Reference Book on Evil
   (Kikubaaqudgha gifted it to you in a bailey)

   Spells                             Type                      Level
   a - Bolt of Draining               Conjuration/Necromancy       5
   b - Agony                          Necromancy                   5
   c - Cigotuvi's Embrace             Necromancy                   5
   d - Dispel Undead                  Necromancy                   5
   e - Simulacrum                     Ice/Necromancy               6
 l - a book of the Sky

   Spells                             Type                      Level
   a - Summon Lightning Spire         Summoning/Air                4
   b - Silence                        Hexes/Air                    5
   c - Deflect Missiles               Charms/Air                   6
   d - Conjure Ball Lightning         Conjuration/Air              6
   e - Tornado                        Air                          9
 t - a book of Party Tricks

   Spells                             Type                      Level
   a - Summon Butterflies             Summoning                    1
   b - Apportation                    Translocation                1
   c - Lesser Beckoning               Translocation                3
   d - Tukima's Dance                 Hexes                        3
   e - Alistair's Intoxication        Transmutation/Poison         5
   f - Invisibility                   Hexes                        6
 B - Kikubaaqudgha's Reference Book on Necromancy
   (Kikubaaqudgha gifted it to you on level 7 of the Dungeon)

   Spells                             Type                      Level
   a - Animate Skeleton               Necromancy                   1
   b - Pain                           Necromancy                   1
   c - Corpse Rot                     Necromancy                   2
   d - Vampiric Draining              Necromancy                   3
   e - Control Undead                 Necromancy                   4
 P - a book of Minor Magic

   Spells                             Type                      Level
   a - Magic Dart                     Conjuration                  1
   b - Blink                          Translocation                2
   c - Call Imp                       Summoning                    2
   d - Slow                           Hexes                        2
   e - Conjure Flame                  Conjuration/Fire             3
   f - Mephitic Cloud                 Conjuration/Poison/Air       3
Miscellaneous
 I - a lightning rod (4/4)


   Skills:
 - Level 3.1 Fighting
 - Level 0.1 Short Blades
 - Level 10.6 Bows
   Level 7.0 Crossbows
 - Level 3.0 Dodging
 - Level 11.0 Spellcasting
 - Level 3.1 Hexes
 + Level 2.9 Summonings
 - Level 5.6 Necromancy
 - Level 1.8 Translocations
 - Level 5.0 Air Magic
 - Level 3.7 Evocations


You had 3 spell levels left.
You knew the following spells:

 Your Spells              Type           Power        Failure   Level  Hunger
a - Corona                Hex            ###....      3%          1    N/A
b - Slow                  Hex            ###.....     4%          2    N/A
c - Cause Fear            Hex            ###.......   30%         4    N/A
d - Animate Skeleton      Necr           N/A          1%          1    N/A
e - Vampiric Draining     Necr           ####......   3%          3    N/A
f - Corpse Rot            Necr           N/A          1%          2    N/A
g - Apportation           Tloc           ##....       5%          1    N/A
h - Deflect Missiles      Chrm/Air       ###.......   99%         6    N/A
i - Summon Butterflies    Summ           ###.....     3%          1    N/A
j - Blink                 Tloc           N/A          8%          2    N/A
k - Portal Projectile     Hex/Tloc       ###...       12%         3    N/A
l - Summon Lightning Spi  Summ/Air       ###.....     22%         4    N/A

Dungeon Overview and Level Annotations

Branches:
Dungeon (12/15)            Temple (1/1) D:4             Orc (2/2) D:12
    Elf (1/3) Orc:2
   Lair: D:8-11

Altars:
Ashenzari
Cheibriados
Dithmenos
Elyvilon
Fedhas
Gozag
Hepliaklqana
Kikubaaqudgha
Makhleb
Okawaru
Qazlal
Ru
Sif Muna
Uskayaw
Xom
Yredelemnul
Zin
The Shining One
Beogh

Shops:
Orc:1 :*[!:   Orc:2 ??

Annotations:
D:4 dricus's ghost, amateur DsBe
D:9 rexbael's ghost, novice VSFi


Innate Abilities, Weirdness & Mutations

You do not eat or drink.
Your flesh is vulnerable to fire.
You are immune to poison.
Your flesh is cold resistant. (rC+)
You are immune to negative energy. (rN+++)
You are immune to unholy pain and torment.
You can survive without breathing.


Message History

Okay, then.
Unknown command.
Evoke which item? (* to show all) (? for menu, Esc to quit)
Okay, then.
Unknown command.
Things that are here:
a plate armour; a flail You flicker back into view.
The sixfirhy barely misses you.
Evoke which item? (* to show all) (? for menu, Esc to quit)
Okay, then.
As you read the scroll of teleportation, it crumbles to dust.
You feel strangely unstable. The sixfirhy hits you! The sixfirhy shocks you!
* * * LOW HITPOINT WARNING * * *
The sixfirhy hits you but does no damage.
The sixfirhy hits you!
* * * LOW HITPOINT WARNING * * *
The sixfirhy shocks you!
You die...
Kikubaaqudgha rasps: "You have failed me!
Welcome... oblivion!"

#.#.#............................
##............................#..
#.................).......#......
##...#......#...............#....
##.###....#....#..............##
###.#.....#....#.............##
#.........#..........#.....##.
##.#.#)[[###3.............###. #
####([###.@............##..
####(.###......#........#.
##.###[.###.....##.........
#.((###()###..........#....
#.#(#o###[[###............#.
..#...###[3###.#...........
.o3###.).###)(###............
#...# ##...###)o###. ......≈.
..(# ##.)[3[...## ......≈.


You could see a sixfirhy.

Vanquished Creatures
  2 two-headed ogres (D:10)
  A soul eater (Orc:2)
  An orc high priest (Orc:2)
  An unseen horror (D:10)
  6 orc knights
  10 deep elf magi (Orc:2)
  3 orc sorcerers (Orc:2)
  A cyclops (Orc:2)
  A centaur skeleton (D:10)
  An orange demon (Orc:2)
  A hellwing (Orc:2)
  A red devil (Orc:2)
  4 trolls
  A wraith (D:10)
  7 yaks (D:10)
  Sigmund (D:3)
  A hungry ghost (D:10)
  Eustachio (D:8)
  A warg (Orc:1)
  2 water moccasins
  30 orc warriors
  A sky beast (D:10)
  2 ice beasts
  4 phantoms
  A black bear (D:7)
  10 ogres
  8 centaurs
  A crocodile (D:7)
  A big kobold (D:7)
  Blork the orc (D:8)
  3 bullfrogs
  4 scorpions
  A killer bee (D:8)
  3 wights (D:8)
  2 crimson imps
  A centaur zombie (D:10)
  A bullfrog zombie (D:10)
  2 hounds
  2 jellies
  18 orc priests
  An iguana (D:9)
  Terence (D:3)
  14 orc wizards
  5 worker ants
  A worker ant zombie (D:6)
  4 gnolls (D:10)
  4 adders
  5 shadow imps
  An adder zombie (D:6)
  A dart slug (D:3)
  3 leopard geckos
  58 orcs
  3 giant cockroaches
  3 goblins
  3 hobgoblins
  4 jackals (D:3)
  3 quokkas
  4 bats
  3 frilled lizards
  8 kobolds
  A rat (D:3)
273 creatures vanquished.

Vanquished Creatures (collateral kills)
  An orc knight (Orc:2)
  An orc warrior (Orc:2)
  5 orc priests (Orc:2)
  An orc (Orc:2)
8 creatures vanquished.

Vanquished Creatures (others)
  A sky beast (D:8)
1 creature vanquished.

Grand Total: 282 creatures vanquished

Notes
Turn   | Place    | Note
-------+----------+-------------------------------------------
     0 | D:1      | Lavandula the Mummy Arcane Marksman began the quest for the Orb.
     0 | D:1      | Reached XP level 1. HP: 15/15 MP: 2/2
   201 | D:1      | Reached XP level 2. HP: 18/21 MP: 2/4
   549 | D:3      | Reached skill level 1 in Evocations
   625 | D:3      | Noticed Terence
   626 | D:3      | Noticed Sigmund
   636 | D:3      | Killed Terence
   636 | D:3      | Reached XP level 3. HP: 26/26 MP: 2/5
   905 | D:3      | Found a faded altar of an unknown god.
  1021 | D:4      | Found a staircase to the Ecumenical Temple.
  1028 | Temple   | Entered the Ecumenical Temple
  1062 | Temple   | Became a worshipper of Kikubaaqudgha
  1092 | D:4      | Noticed dricus's ghost (amateur DsBe)
  1179 | D:4      | You fall through a shaft for 3 floors!
  1221 | D:6      | Reached XP level 4. HP: 32/32 MP: 6/6
  1225 | D:6      | Learned a level 2 spell: Slow
  1321 | D:6      | Noticed an ogre
  1330 | D:6      | Noticed an ice beast
  1336 | D:6      | Killed an ogre
  1336 | D:6      | Reached XP level 5. HP: 37/37 MP: 1/7
  1453 | D:6      | Killed an ice beast
  1453 | D:6      | Reached XP level 6. HP: 43/43 MP: 2/8
  1678 | D:6      | Reached skill level 5 in Crossbows
  1772 | D:6      | Reached XP level 7. HP: 44/48 MP: 7/9
  1920 | D:5      | Entered Level 5 of the Dungeon
  1920 | D:5      | Found a glowing golden altar of the Shining One.
  2016 | D:5      | Learned a level 4 spell: Cause Fear
  2417 | D:3      | Killed Sigmund
  2635 | D:4      | Found a basalt altar of Yredelemnul.
  2913 | D:6      | Reached XP level 8. HP: 36/54 MP: 10/10
  3336 | D:7      | Reached * piety under Kikubaaqudgha
  3336 | D:7      | Identified Kikubaaqudgha's Reference Book on Necromancy (Kikubaaqudgha gifted it to you on level 7 of the Dungeon)
  3336 | D:7      | Received a gift from Kikubaaqudgha
  3342 | D:7      | Learned a level 1 spell: Animate Skeleton
  3392 | D:7      | Reached skill level 2 in Spellcasting
  3409 | D:7      | Learned a level 3 spell: Vampiric Draining
  3534 | D:8      | Reached skill level 1 in Necromancy
  3748 | D:8      | Reached skill level 1 in Bows
  3821 | D:8      | Noticed Eustachio
  3821 | D:8      | Noticed Blork the orc
  3847 | D:8      | Reached XP level 9. HP: 63/63 MP: 10/13
  3849 | D:8      | Killed Blork the orc
  3857 | D:8      | Killed Eustachio
  4380 | D:9      | Reached skill level 5 in Bows
  4463 | D:9      | Noticed rexbael's ghost (novice VSFi)
  4469 | D:10     | Entered Level 10 of the Dungeon
  4488 | D:10     | Noticed a two-headed ogre
  4506 | D:10     | Killed a two-headed ogre
  4524 | D:10     | Reached ** piety under Kikubaaqudgha
  4600 | D:10     | Noticed a two-headed ogre
  4606 | D:10     | Killed a two-headed ogre
  4606 | D:10     | Reached XP level 10. HP: 68/70 MP: 14/14
  4763 | D:10     | Noticed an unseen horror
  4765 | D:10     | Killed an unseen horror
  4871 | D:10     | Reached skill level 5 in Necromancy
  5415 | D:12     | Found a flagged portal.
  5433 | Bailey   | Entered a bailey
  5433 | Bailey   | Noticed an orc knight
  5433 | Bailey   | Noticed an orc knight
  5446 | Bailey   | Reached XP level 11. HP: 70/75 MP: 15/15
  5450 | Bailey   | Learned a level 2 spell: Corpse Rot
  5464 | Bailey   | Killed an orc knight
  5464 | Bailey   | Reached skill level 10 in Bows
  5478 | Bailey   | Noticed an orc knight
  5489 | Bailey   | Killed an orc knight
  5563 | Bailey   | Killed an orc knight
  5563 | Bailey   | Reached *** piety under Kikubaaqudgha
  5563 | Bailey   | Identified Kikubaaqudgha's Reference Book on Evil (Kikubaaqudgha gifted it to you in a bailey)
  5563 | Bailey   | Received a gift from Kikubaaqudgha
  5592 | Bailey   | Reached skill level 3 in Spellcasting
  5710 | D:12     | Reached skill level 4 in Spellcasting
  5753 | D:12     | Found a roughly hewn altar of Beogh.
  5753 | D:12     | Found a staircase to the Orcish Mines.
  5825 | Orc:1    | Entered Level 1 of the Orcish Mines
  5876 | Orc:1    | Reached **** piety under Kikubaaqudgha
  5877 | Orc:1    | Found Doujeopn's General Store.
  5933 | Orc:1    | Bought a scroll of teleportation for 39 gold pieces
  5933 | Orc:1    | Found Rigin's Book Emporium.
  5994 | Orc:1    | Bought a book of the Sky for 845 gold pieces
  6001 | Orc:1    | Learned a level 6 spell: Deflect Missiles
  6021 | Orc:1    | Found Qeis's Armour Shop.
  6024 | Orc:1    | Found Vineq's Distillery.
  6048 | Orc:1    | Noticed an orc knight
  6067 | Orc:1    | Reached skill level 1 in Air Magic
  6104 | Orc:1    | Killed an orc knight
  6127 | Orc:1    | Found Semmugg's Book Shop.
  6136 | Orc:1    | Bought a book of Party Tricks for 700 gold pieces
  6165 | Orc:1    | Bought a book of Minor Magic for 280 gold pieces
  6259 | Orc:2    | Entered Level 2 of the Orcish Mines
  6259 | Orc:2    | Found a burning altar of Makhleb.
  6404 | Orc:2    | Reached skill level 5 in Spellcasting
  6407 | Orc:2    | Learned a level 1 spell: Apportation
  6532 | Orc:2    | Noticed an orc knight
  6549 | Orc:2    | Killed an orc knight
  6549 | Orc:2    | Reached skill level 6 in Spellcasting
  6644 | Orc:2    | Found Hupune's Magic Scroll Shoppe.
  6690 | Orc:2    | Found Qoicu's Magic Scroll Emporium.
  6690 | Orc:2    | Noticed a soul eater
  6707 | Orc:2    | Killed a soul eater
  6707 | Orc:2    | Reached skill level 7 in Spellcasting
  6713 | Orc:2    | Learned a level 1 spell: Summon Butterflies
  6716 | Orc:2    | Learned a level 2 spell: Blink
  6737 | Orc:2    | Reached skill level 1 in Translocations
  6848 | Orc:2    | Reached skill level 8 in Spellcasting
  6860 | Orc:2    | Learned a level 3 spell: Portal Projectile
  6880 | Orc:2    | Noticed an orc knight
  6906 | Orc:2    | Noticed an orc high priest
  6936 | Orc:2    | Noticed a deep elf mage
  6939 | Orc:2    | Noticed a deep elf mage
  6940 | Orc:2    | Killed a deep elf mage
  6942 | Orc:2    | Noticed a deep elf mage
  6944 | Orc:2    | Killed a deep elf mage
  6944 | Orc:2    | Reached skill level 9 in Spellcasting
  6946 | Orc:2    | Noticed a deep elf mage
  6948 | Orc:2    | Noticed a deep elf mage
  6949 | Orc:2    | Noticed a deep elf mage
  6949 | Orc:2    | Killed a deep elf mage
  6949 | Orc:2    | Reached XP level 12. HP: 58/81 MP: 25/25
  7037 | Orc:2    | Reached skill level 10 in Spellcasting
  7066 | Orc:2    | Reached ***** piety under Kikubaaqudgha
  7072 | Orc:2    | Learned a level 4 spell: Summon Lightning Spire
  7073 | Orc:2    | Reached skill level 11 in Spellcasting
  7155 | Orc:2    | Reached skill level 1 in Summonings
  7245 | Orc:2    | Bought a scroll of teleportation for 45 gold pieces
  7524 | Orc:2    | Found a staircase to the Elven Halls.
  7786 | Elf:1    | Entered Level 1 of the Elven Halls
  7842 | Orc:2    | Killed an orc high priest
  7842 | Orc:2    | Reached skill level 5 in Air Magic
  7924 | Orc:2    | Noticed an orc high priest
  7950 | Orc:2    | Slain by a sixfirhy

Vault maps used:
D:1:      scummos_arrival_forest, minmay_misc_feat_cross, minmay_pentomino_t2
D:2:      lightli_temple_of_fire, minivault_24, minmay_misc_feat_more_columns
D:3:      chequers_ecumenical_altar_island, uniq_terence, uniq_sigmund
D:4:      lemuel_upstairs_altar, minmay_temple_entry_junction_2, first_bread,
          minmay_misc_feat_nine_boxes
D:5:      basic_altar, kennysheep_generic_room_13
D:8:      david_nohive_1, sword_in_stone
D:9:      minmay_misc_feat_x
D:10:     serial_park_tiny_pond
D:11:     lair_entry_dummy
D:12:     david_orc_5, enter_bailey_2, aerie_lemuel
Temple:   regret_index_temple_sigil_plot
Orc:1:    serial_shops, shop, shop, shop, nicolae_shop_stone, shop
Orc:2:    pf_orc_diabolical, basic_altar, elves_outpost_lemuel
Elf:1:    serial_shops, nicolae_shop_stone, hangedman_elf_represent
Bailey:   bailey_polearm_4, bailey

Skill      XL: |  1  2  3  4  5  6  7  8  9 10 11 12 |
---------------+-------------------------------------+-----
Hexes          | 3 |  3.1
Evocations     | 1 2 3 |  3.7
Crossbows      | 2 3 4 5 6 7 |  7.0
Fighting       | 3 |  3.1
Dodging        | 3 |  3.0
Spellcasting   | 2 9 11 | 11.0
Necromancy     | 3 5 |  5.6
Bows           | 1 7 9 10 | 10.6
Air Magic      | 2 5 |  5.0
Translocations | 1 |  1.8
Summonings     | 2 |  2.9
Short Blades   | |  0.1

Action                   |  1- 3 |  4- 6 |  7- 9 | 10-12 || total
-------------------------+-------+-------+-------+-------++-------
Melee: Short sword       |    34 |       |    25 |       ||    59
       Quarterstaff      |       |       |     8 |       ||     8
 Fire: Hand crossbow     |    39 |    51 |   154 |       ||   244
       Longbow           |       |       |    92 |   434 ||   526
 Cast: Corona            |    16 |     5 |    28 |     3 ||    52
       Slow              |       |    11 |    21 |     1 ||    33
       Vampiric Draining |       |       |     4 |     7 ||    11
       Animate Skeleton  |       |       |       |    26 ||    26
       Apportation       |       |       |       |    56 ||    56
       Corpse Rot        |       |       |       |     8 ||     8
       Cause Fear        |       |       |       |     1 ||     1
       Summon Lightning  |       |       |       |    14 ||    14
       Portal Projectile |       |       |       |     2 ||     2
Invok: Receive Corpses   |       |       |       |     3 ||     3
 Abil: Evoke Invisibilit |     2 |       |     5 |     2 ||     9
Evoke: Wand              |       |     1 |     1 |       ||     2
       Lightning rod     |       |       |       |     4 ||     4
       Box of beasts     |       |       |       |     1 ||     1
  Use: Scroll            |     5 |     1 |     8 |     9 ||    23
Armor: Robe              |    15 |       |       |       ||    15
       Leather armour    |       |    12 |    57 |    46 ||   115
Dodge: Dodged            |    26 |    18 |   113 |   126 ||   283
